NCAA
MICHIGAN WOLVERINES @ WASHINGTON STATE COUGARS
05/11/2023
 
TOP OF THE 1ST
Michigan Wolverines batting - Pitching for Washington State Cougars : RHP Juan Benítez
Pitching: RHP Juan Benítez
Batting: RHB Paul Gordon 0-0: Ball
1-0: Ball
2-0: Ball
3-0: Called Strike
3-1: Bunt for hit - play at first, batter OUT! 1-3
Batting: RHB Enrique Ferreira 0-0: Ball
1-0: Ball
2-0: Called Strike
2-1: Ball
3-1: Base on Balls
Batting: RHB Patrick Potts 0-0: Called Strike
0-1: Ball
1-1: Ball
2-1: Called Strike
2-2: Ball
3-2: Strikes out swinging
Batting: LHB Sergio Luna 0-0: Swinging Strike
0-1: Ball
1-1: Ball
2-1: SINGLE (Line Drive, 34D)
Enrique Ferreira to second
Runner from 2nd tries for 3rd, SAFE, throw made to third
Batting: SHB Denver Harmon 0-0: Ball
1-0: Called Strike
1-1: Swinging Strike
1-2: Strikes out swinging
Top of the 1st over - 0 run(s), 1 hit(s), 0 error(s), 2 left on base; Michigan 0 - Washington State 0
BOTTOM OF THE 1ST
Washington State Cougars batting - Pitching for Michigan Wolverines : RHP Javier Rico
Pitching: RHP Javier Rico
Batting: RHB Ramón Román 0-0: Ball
1-0: Foul Ball, location: 2F
1-1: Ground out 5-3 (Groundball, 5S)
Batting: RHB Tommy Wilson 0-0: Ball
1-0: Foul Ball, location: 2F
1-1: SOLO HOME RUN (Line Drive, 9LD), Distance : 341 ft
Batting: SHB Tony Matos 0-0: Foul Ball, location: 2F
0-1: Ball
1-1: Ball
2-1: Called Strike
2-2: Ground out 4-3 (Groundball, 4)
Batting: LHB Allen Shepherd 0-0: Ground out 4-3 (Groundball, 4)
Bottom of the 1st over - 1 run(s), 1 hit(s), 0 error(s), 0 left on base; Michigan 0 - Washington State 1
TOP OF THE 2ND
Michigan Wolverines batting - Pitching for Washington State Cougars : RHP Juan Benítez
Batting: LHB Christian Peterson 0-0: Ball
1-0: Called Strike
1-1: Ball
2-1: Called Strike
2-2: Strikes out swinging
Batting: RHB Mario Silva 0-0: Ground out 6-3 (Groundball, 6M)
Batting: RHB Scott Walker 0-0: Foul Ball, location: 2F
0-1: Called Strike
0-2: Ball
1-2: Foul Ball, location: 2F
1-2: Foul Ball, location: 2F
1-2: Strikes out looking
Top of the 2nd over - 0 run(s), 0 hit(s), 0 error(s), 0 left on base; Michigan 0 - Washington State 1
BOTTOM OF THE 2ND
Washington State Cougars batting - Pitching for Michigan Wolverines : RHP Javier Rico
Batting: SHB Martín Cruz 0-0: Ball
1-0: Called Strike
1-1: Ball
2-1: Foul Ball, location: 2F
2-2: Fly out, F8 (Flyball, 8RM)
Batting: RHB José Velázquez 0-0: Ball
1-0: Ball
2-0: Ball
3-0: Base on Balls
Batting: RHB Jayson Clark 0-0: Called Strike
0-1: Ball
1-1: Swinging Strike
1-2: Ball
2-2: 2-RUN HOME RUN (Flyball, 7D), Distance : 370 ft
Batting: RHB Enrique Cruz 0-0: Ball
1-0: Ball
2-0: Ball
3-0: Base on Balls
Batting: RHB Keith Ivey 0-0: Ball
1-0: Foul Ball, location: 2F
1-1: Foul Ball, location: 2F
1-2: Foul Ball, location: 2F
1-2: SINGLE (Flyball, 8RS)
Enrique Cruz to second
Runner from 2nd tries for 3rd, SAFE, throw made to third
Batting: RHB Ramón Román 0-0: Ball
1-0: Ball
2-0: Foul Ball, location: 2F
2-1: Ground out 5-3 (Groundball, 56S)
Enrique Cruz scores
Keith Ivey to second
Batting: RHB Tommy Wilson 0-0: Called Strike
0-1: SINGLE (Groundball, 3L)
Keith Ivey to third
Runner from 3rd tries for Home, SAFE, no throw or cutoff
Batting: SHB Tony Matos 0-0: Ball
1-0: Fly out, F6 (Popup, 6D)
Bottom of the 2nd over - 4 run(s), 3 hit(s), 0 error(s), 1 left on base; Michigan 0 - Washington State 5
TOP OF THE 3RD
Michigan Wolverines batting - Pitching for Washington State Cougars : RHP Juan Benítez
Batting: SHB Juan Carlos Mesa 0-0: Ball
1-0: Fly out, F4 (Popup, 4MD)
Batting: RHB Paul Gordon 0-0: Ball
1-0: Ball
2-0: Ball
3-0: Called Strike
3-1: Foul Ball, location: 2F
3-2: Base on Balls
Batting: RHB Enrique Ferreira 0-0: Called Strike
0-1: Called Strike
0-2: Strikes out swinging
Batting: RHB Patrick Potts 0-0: Ball
1-0: Ball
2-0: Called Strike
2-1: Foul Ball, location: 2F
2-2: Ball
3-2: Base on Balls
Paul Gordon to second
Batting: LHB Sergio Luna 0-0: Ball
1-0: Ground out 4-3 (Groundball, 4)
Top of the 3rd over - 0 run(s), 0 hit(s), 0 error(s), 2 left on base; Michigan 0 - Washington State 5
BOTTOM OF THE 3RD
Washington State Cougars batting - Pitching for Michigan Wolverines : RHP Javier Rico
Batting: LHB Allen Shepherd 0-0: SINGLE (Line Drive, 6MD)
Batting: SHB Martín Cruz 0-0: Ball
1-0: Foul Ball, location: 2F
1-1: Ball
2-1: Ball
3-1: Foul Ball, location: 2F
3-2: Base on Balls
Allen Shepherd to second
Batting: RHB José Velázquez 0-0: Called Strike
0-1: Fly out, F8 (Flyball, 8RM)
Batting: RHB Jayson Clark 0-0: Called Strike
0-1: Fielders Choice at 2nd, 1-6 (Groundball, 15S)
Allen Shepherd to third
Batting: RHB Enrique Cruz 0-0: DOUBLE (Flyball, 89M)
Allen Shepherd scores
Jayson Clark to third
Runner from 3rd tries for Home, SAFE, no throw or cutoff
Batting: RHB Keith Ivey 0-0: Ball
1-0: Called Strike
1-1: Fly out, F8 (Flyball, 8RM)
Bottom of the 3rd over - 2 run(s), 2 hit(s), 0 error(s), 1 left on base; Michigan 0 - Washington State 7
TOP OF THE 4TH
Michigan Wolverines batting - Pitching for Washington State Cougars : RHP Juan Benítez
Batting: SHB Denver Harmon 0-0: Ball
1-0: Ball
2-0: Ball
3-0: Base on Balls
Batting: LHB Christian Peterson 0-0: Ball
1-0: SINGLE (Flyball, 6MD)
Denver Harmon to second
Batting: RHB Mario Silva 0-0: Ball
Wild Pitch!
Denver Harmon to third
Christian Peterson to second
1-0: Ball
2-0: Ball
3-0: Called Strike
3-1: SINGLE (Flyball, 7S)
Denver Harmon scores
Christian Peterson to third
Batting: RHB Scott Walker 0-0: Ball
1-0: Ball
2-0: Ball
3-0: Base on Balls
Mario Silva to second
Batting: SHB Juan Carlos Mesa 0-0: Ball
1-0: Ball
2-0: Ball
3-0: Base on Balls
Christian Peterson scores
Mario Silva to third
Scott Walker to second
Batting: RHB Paul Gordon 0-0: Fly out, F3 (Line Drive, 3)
0-0: Lined into DP, U3 (Line Drive, 3)
Batting: RHB Enrique Ferreira 0-0: Ball
1-0: Foul Ball, location: 2F
1-1: Ball
2-1: Ball
3-1: Foul Ball, location: 2F
3-2: Fly out, F7 (Flyball, 78M)
Top of the 4th over - 2 run(s), 2 hit(s), 0 error(s), 2 left on base; Michigan 2 - Washington State 7
BOTTOM OF THE 4TH
Washington State Cougars batting - Pitching for Michigan Wolverines : RHP Javier Rico
Pitching: RHP Clancy Hunt
Batting: RHB Ramón Román 0-0: Ball
1-0: Swinging Strike
1-1: Foul Ball, location: 2F
1-2: Strikes out looking
Batting: RHB Tommy Wilson 0-0: Foul Ball, location: 2F
0-1: Fly out, F8 (Flyball, 8RM)
Batting: SHB Tony Matos 0-0: SOLO HOME RUN (Flyball, 9LD), Distance : 333 ft
Batting: LHB Allen Shepherd 0-0: Called Strike
0-1: Ball
1-1: Swinging Strike
1-2: Ball
2-2: Ball
3-2: Base on Balls
Batting: SHB Martín Cruz 0-0: Called Strike
0-1: Ball
1-1: Ball
2-1: Called Strike
2-2: Ball
3-2: Foul Ball, location: 2F
3-2: Base on Balls
Allen Shepherd to second
Batting: RHB José Velázquez 0-0: Called Strike
0-1: Fly out, F9 (Flyball, 9M)
Bottom of the 4th over - 1 run(s), 1 hit(s), 0 error(s), 2 left on base; Michigan 2 - Washington State 8
TOP OF THE 5TH
Michigan Wolverines batting - Pitching for Washington State Cougars : RHP Juan Benítez
Pitching: LHP George Sheppard
Batting: RHB Patrick Potts 0-0: Ball
1-0: Ball
2-0: Called Strike
2-1: Ball
3-1: Called Strike
3-2: Ground out 6-3 (Groundball, 6)
Batting: LHB Sergio Luna 0-0: Ball
1-0: Ball
2-0: Called Strike
2-1: Fly out, F4 (Popup, 4MD)
Batting: SHB Denver Harmon 0-0: Ball
1-0: Ball
2-0: SINGLE (Line Drive, 3D)
Batting: LHB Christian Peterson 0-0: Called Strike
0-1: Foul Ball, location: 2F
0-2: Foul Ball, location: 2F
0-2: Ball
1-2: Foul Ball, location: 2F
1-2: Ball
2-2: Foul Ball, location: 2F
Single, Error in OF, E9, batter to second base
Denver Harmon to third
Batting: RHB Mario Silva 0-0: Swinging Strike
0-1: Fly out, F8 (Flyball, 8LS)
Top of the 5th over - 0 run(s), 2 hit(s), 1 error(s), 2 left on base; Michigan 2 - Washington State 8
BOTTOM OF THE 5TH
Washington State Cougars batting - Pitching for Michigan Wolverines : RHP Clancy Hunt
Batting: RHB Jayson Clark 0-0: Called Strike
0-1: TRIPLE (Flyball, 89XD)
Batting: RHB Enrique Cruz 0-0: Swinging Strike
0-1: Ball
1-1: Ball
2-1: Swinging Strike
2-2: Strikes out looking
Batting: RHB Keith Ivey 0-0: Ball
Wild Pitch!
Jayson Clark scores
1-0: Called Strike
1-1: Foul Ball, location: 2F
1-2: Foul Ball, location: 2F
1-2: Foul Ball, location: 2F
1-2: Strikes out swinging
Batting: RHB Ramón Román 0-0: Foul Ball, location: 2F
0-1: Ball
1-1: Ball
2-1: Ball
3-1: Base on Balls
Batting: RHB Tommy Wilson 0-0: Ball
1-0: Ball
2-0: Ball
3-0: Called Strike
3-1: Base on Balls
Ramón Román to second
Batting: SHB Tony Matos 0-0: Foul Ball, location: 2F
0-1: Ball
1-1: Ball
2-1: Ground out 4-3 (Groundball, 4)
Bottom of the 5th over - 1 run(s), 1 hit(s), 0 error(s), 2 left on base; Michigan 2 - Washington State 9
TOP OF THE 6TH
Michigan Wolverines batting - Pitching for Washington State Cougars : LHP George Sheppard
Batting: RHB Scott Walker 0-0: Called Strike
0-1: Foul Ball, location: 2F
0-2: Ball
1-2: Ball
2-2: Ball
3-2: Strikes out swinging
Batting: SHB Juan Carlos Mesa 0-0: Ball
1-0: Foul Ball, location: 2F
1-1: Ground out 1-3 (Groundball, 13)
Batting: RHB Paul Gordon 0-0: Called Strike
0-1: Ball
1-1: Ball
2-1: Foul Ball, location: 2F
2-2: Ground out 6-3 (Groundball, 6)
Top of the 6th over - 0 run(s), 0 hit(s), 0 error(s), 0 left on base; Michigan 2 - Washington State 9
BOTTOM OF THE 6TH
Washington State Cougars batting - Pitching for Michigan Wolverines : RHP Clancy Hunt
Pitching: RHP Orlando Medina
Batting: LHB Allen Shepherd 0-0: Ball
1-0: Ground out 1-3 (Groundball, 13)
Batting: SHB Martín Cruz 0-0: Swinging Strike
0-1: Ball
1-1: Called Strike
1-2: Ball
2-2: Fly out, F3 (Popup, 3DF)
Batting: RHB José Velázquez 0-0: DOUBLE (Line Drive, 3D)
Batting: RHB Jayson Clark 0-0: Ground out 2-3 (Groundball, 2R)
Bottom of the 6th over - 0 run(s), 1 hit(s), 0 error(s), 1 left on base; Michigan 2 - Washington State 9
TOP OF THE 7TH
Michigan Wolverines batting - Pitching for Washington State Cougars : LHP George Sheppard
Pitching: RHP Allen Olsen
Batting: RHB Enrique Ferreira 0-0: Foul Ball, location: 2F
0-1: Swinging Strike
0-2: Strikes out swinging
Batting: RHB Patrick Potts 0-0: Ball
1-0: Ball
2-0: Called Strike
2-1: Ball
3-1: Base on Balls
Batting: LHB Sergio Luna 0-0: Fly out, F8 (Flyball, 8LD)
Batting: SHB Denver Harmon 0-0: Ball
1-0: Called Strike
1-1: Ball
2-1: Foul Ball, location: 2F
2-2: Foul Ball, location: 2F
2-2: Strikes out swinging
Top of the 7th over - 0 run(s), 0 hit(s), 0 error(s), 1 left on base; Michigan 2 - Washington State 9
BOTTOM OF THE 7TH
Washington State Cougars batting - Pitching for Michigan Wolverines : RHP Orlando Medina
Batting: RHB Enrique Cruz 0-0: Foul Ball, location: 2F
0-1: Ball
1-1: Swinging Strike
1-2: Foul Ball, location: 2F
1-2: SINGLE (Line Drive, 89S)
Batting: RHB Keith Ivey 0-0: Called Strike
0-1: Ball
1-1: Ball
2-1: Bunted foul
2-2: Foul Ball, location: 2F
2-2: Ball
3-2: Ground out 4-3 (Groundball, 4)
Enrique Cruz to second
Batting: RHB Ramón Román 0-0: Ball
1-0: Ball
2-0: Fly out, F8 (Flyball, 8LM)
Batting: RHB Tommy Wilson 0-0: Called Strike
0-1: SINGLE (Line Drive, 56)
Enrique Cruz to third
Runner from 3rd tries for Home, SAFE, no throw or cutoff
Batting: SHB Tony Matos 0-0: Called Strike
0-1: Ball
1-1: Swinging Strike
1-2: Strikes out swinging
Bottom of the 7th over - 1 run(s), 2 hit(s), 0 error(s), 1 left on base; Michigan 2 - Washington State 10
TOP OF THE 8TH
Michigan Wolverines batting - Pitching for Washington State Cougars : RHP Allen Olsen
Now at C: Víctor Ocampo
Batting: LHB Christian Peterson 0-0: Ball
1-0: Ground out 6-3 (Groundball, 6)
Batting: RHB Mario Silva 0-0: Called Strike
0-1: Ground out 6-3 (Groundball, 6)
Batting: RHB Scott Walker 0-0: Bunt - Flyout! F2
Top of the 8th over - 0 run(s), 0 hit(s), 0 error(s), 0 left on base; Michigan 2 - Washington State 10
BOTTOM OF THE 8TH
Washington State Cougars batting - Pitching for Michigan Wolverines : RHP Orlando Medina
Pitching: LHP Garrett Love
Batting: LHB Allen Shepherd 0-0: Called Strike
0-1: Ball
1-1: Ball
2-1: SINGLE (Groundball, 25) (infield hit)
Batting: SHB Martín Cruz 0-0: Ball
1-0: Called Strike
1-1: Ball
2-1: Swinging Strike
2-2: Foul Ball, location: 2F
2-2: Strikes out swinging
Batting: RHB José Velázquez 0-0: Ball
1-0: Called Strike
Allen Shepherd steals 2nd base
1-1: Swinging Strike
1-2: Ball
2-2: Foul Ball, location: 2F
2-2: Ball
3-2: Foul Ball, location: 2F
3-2: Reached on error, E6 (Groundball, 6)
Allen Shepherd to third
Batting: RHB Jayson Clark 0-0: Ball
1-0: Fly out, F8 (Flyball, 8RM)
Runner from 3rd tags up, SCORES, no throw
Batting: RHB Enrique Cruz 0-0: Called Strike
0-1: Swinging Strike
0-2: Strikes out swinging
Bottom of the 8th over - 1 run(s), 1 hit(s), 1 error(s), 1 left on base; Michigan 2 - Washington State 11
TOP OF THE 9TH
Michigan Wolverines batting - Pitching for Washington State Cougars : RHP Allen Olsen
Batting: SHB Juan Carlos Mesa 0-0: Ball
1-0: Fly out, F4 (Line Drive, 4)
Batting: RHB Paul Gordon 0-0: Foul Ball, location: 2F
0-1: Fly out, F4 (Popup, 4)
Batting: RHB Enrique Ferreira 0-0: Ball
1-0: Foul Ball, location: 2F
1-1: Swinging Strike
1-2: Ball
2-2: Strikes out swinging
Top of the 9th over - 0 run(s), 0 hit(s), 0 error(s), 0 left on base; Michigan 2 - Washington State 11
This league is powered by Out of the Park Baseball, the baseball management simulation game for PC, Mac and Linux
Wednesday, December 2nd, 2015 - OOTP Baseball 16.8 Build 38